 Dungeon Crawl Stone Soup version 0.31-a0-237-g2d982f9f85 (webtiles) character file.

Game seed: 3247415730915919213

311 qw the Shooter (level 6, -1/52 HPs)
             Began as a Minotaur Hexslinger on July 10, 2023.
             Slain by a gnoll bouda
             ... wielding a +0 club
              (10 damage)
             ... on level 4 of the Dungeon.
             The game lasted 00:01:08 (2954 turns).

qw the Shooter (Minotaur Hexslinger)                Turns: 2954, Time: 00:01:09

Health: -1/52      AC:  6    Str: 12    XL:     6   Next: 18%
Magic:  6/6        EV: 12    Int: 10    God:
Gold:   187        SH:  0    Dex: 15    Spells: 6/7 levels left

rFire   . . .        Y - +2 sling
rCold   + . .        (no shield)
rNeg    . . .        j - +2 leather armour {rC+}
rPois   +            (helmet restricted)
rElec   .            (no cloak)
rCorr   .            a - +0 pair of gloves of Somewhere Else {rPois}
SInv    .            (no boots)
Will    .....        (no amulet) Stlth
                     (no ring)
HPRegen 0.28/turn    (no ring)
MPRegen 0.10/turn

%: no passive effects
@: silenced
A: horns 2, retaliatory headbutt
a: no special abilities


You were on level 4 of the Dungeon.
You visited 1 branch of the dungeon, and saw 4 of its levels.

You collected 187 gold pieces.


Innate Abilities, Weirdness & Mutations

You have a pair of horns on your head.
You reflexively headbutt those who attack you in melee.


   Skills:
 - Level 4.1 Fighting
 + Level 6.1 Ranged Weapons
 - Level 1.0 Armour
 - Level 2.1 Dodging
 - Level 1.0 Spellcasting
 - Level 2.0 Hexes


You had 6 spell levels left.
You knew the following spells:

 Your Spells              Type           Power      Damage    Failure   Level
a - Slow                  Hex            16%        N/A       19%         1

Your spell library contained the following spells:

 Spells                   Type           Power      Damage    Failure   Level
 Inner Flame              Hex/Fire       2%         N/A       65%         3
 Portal Projectile        Hex/Tloc       4%         N/A       65%         3
 Cause Fear               Hex            2%         N/A       88%         4

Inventory:

Hand Weapons
 Y - a +2 sling (weapon)
Armour
 a - the +0 pair of gloves of Somewhere Else (worn) {rPois}
   (You acquired it on level 1 of the Dungeon)

   rPois:     It protects you from poison.
 g - a +3 leather armour
 j - a +2 leather armour of cold resistance (worn)
 m - the +0 pair of gloves of Hospitality {Str+2 Dex+2}
   (You acquired it on level 3 of the Dungeon)

   Str:       It affects your strength (+2).
   Dex:       It affects your dexterity (+2).
Scrolls
 h - 3 scrolls of identify
Potions
 b - a potion of curing
 c - a potion of degeneration {unknown}
 d - a potion of ambrosia {unknown}
 f - a potion of resistance {unknown}
 i - a potion of might {unknown}
 l - a potion of heal wounds {unknown}
 n - a potion of enlightenment {unknown}

Dungeon Overview and Level Annotations

Branches:
Dungeon (4/15)
 Temple: D:4-7

Altars:
Dithmenos
Wu Jian

Annotations:
D:4 1 runed translucent door, exclusion: 19 gnolls, Crazy Yiuf


Message History

The gnoll is heavily wounded.
The gnoll hits you from afar with a +0 spear.
The gnoll misses you.
You shoot a sling bullet.
The sling bullet barely misses the gnoll.
The gnoll hits you from afar with a +0 spear.
The gnoll throws a throwing net.
The throwing net barely misses you.
You shoot a sling bullet.
The sling bullet closely misses the gnoll bouda.
2949 ||| RIP OSSUARY The walls and floor vibrate strangely for a moment.
The gnoll barely misses you.
2950 ||| PLANNING D:1-11 You shoot a sling bullet.
The sling bullet closely misses the gnoll bouda.
Your attacks no longer feel as feeble.
The gnoll barely misses you.
You shoot a sling bullet.
The sling bullet closely misses the gnoll bouda.
The sling bullet hits the gnoll.
The gnoll is heavily wounded.
The gnoll barely misses you.
The gnoll bouda hits you with a +0 club!
The gnoll closely misses you.
You shoot a sling bullet. The sling bullet hits the gnoll bouda.
The gnoll bouda is lightly wounded.
The gnoll hits you from afar with a +0 spear.
The gnoll bouda hits you with a +0 club.
The gnoll hits you but does no damage.
You shoot a sling bullet.
The sling bullet hits the gnoll bouda but does no damage.
The gnoll bouda is lightly wounded.
The gnoll hits you from afar with a +0 spear!
The gnoll bouda hits you with a +0 club.
The gnoll closely misses you. The gnoll completely misses you.
You shoot a sling bullet.
The sling bullet hits the gnoll bouda but does no damage.
The gnoll bouda is lightly wounded.
The gnoll bouda hits you with a +0 club!
You die...

# #.~#.....#..# #.#
#.#)## #
#.~#.....#..########
#.# #.#.). #
#..#######..........
..# #.#### #
##.PP..#...#.#####.#
### #..... #
##...##...#.###
######
##########......(#
....#.#......###.#
##..#.#......# #.#
....#.######.# #@#
.............# #g#
..#####.######


#gg # ..# #~#.#b# #... # ..##.P#.#b.# #..## # ..#~~.#.#~.~# .#.#._ ####
..#####.#~..# # ....$ #... ........#~~.# #..... #.## ..#######..~# #.# You could
see a gnoll bouda and 2 gnolls.

Vanquished Creatures
  A phantom (D:4)
  A jelly (D:3)
  2 orc priests
  6 gnolls (D:4)
  2 adders
  2 worms
  A dart slug (D:4)
  10 orcs
  3 bats
  8 endoplasms
  2 giant cockroaches
  2 goblins
  8 hobgoblins
  2 jackals (D:3)
  2 quokkas
  4 ball pythons
  2 frilled lizards
  3 kobolds
  2 rats
63 creatures vanquished.

Notes
Turn   | Place    | Note
-------+----------+-------------------------------------------
     0 | D:1      | qw the Minotaur Hexslinger began the quest for the Orb.
     0 | D:1      | Reached XP level 1. HP: 16/16 MP: 1/1
     0 | D:1      | 0 ||| qw: Version: 0.3-a-52-g30416fa
     0 | D:1      | 0 ||| qw: Game counter: 4981
     0 | D:1      | 0 ||| qw: Melee chars always use a shield: true
     0 | D:1      | 0 ||| qw: God list: Okawaru
     0 | D:1      | 0 ||| qw: Allow faded altars: false
     0 | D:1      | 0 ||| qw: Do Orc after clearing Dungeon:15 true
     0 | D:1      | 0 ||| qw: Do second Lair branch before Depths: true
     0 | D:1      | 0 ||| qw: Lair rune preference: random
     0 | D:1      | 0 ||| qw: Goals: Normal
     0 | D:1      | 0 ||| PLANNING D:1-11
   217 | D:1      | Reached skill level 3 in Ranged Weapons
   237 | D:1      | Reached XP level 2. HP: 23/23 MP: 2/2
   784 | D:1      | 784 ||| UPGRADING to +3 leather armour.
   794 | D:1      | 794 ||| DROPPING +0 robe.
   795 | D:1      | 795 ||| READING scroll labelled POEQUPRECK.
   796 | D:1      | 796 ||| READING scroll labelled GOMNAE KEGIRIT.
   796 | D:1      | Identified a scroll of acquirement
   796 | D:1      | 796 ||| ACQUIRING +0 pair of gloves of Somewhere Else
                  | {rPois}
   796 | D:1      | Acquired the +0 pair of gloves of Somewhere Else {rPois}
   798 | D:1      | 798 ||| UPGRADING to +0 pair of gloves of Somewhere Else
                  | {rPois}.
   803 | D:1      | 803 ||| READING scroll labelled GEAL NEIRHA.
   804 | D:1      | 804 ||| READING scroll labelled WOOKIA POLAEXT.
   805 | D:1      | 805 ||| DROPPING scroll of poison.
  1550 | D:2      | 1550 ||| UPGRADING to +2 leather armour of cold resistance.
  1560 | D:2      | 1560 ||| READING scroll labelled YZOKHY UWKOHEW.
  1561 | D:2      | 1561 ||| DRINKING 2 green potions.
  1655 | D:3      | Reached XP level 3. HP: 29/29 MP: 3/3
  1664 | D:3      | Reached skill level 4 in Ranged Weapons
  1665 | D:3      | Reached XP level 4. HP: 22/36 MP: 4/4
  1697 | D:3      | 1697 ||| FLEEEEING.
  1698 | D:3      | 1698 ||| FLEEEEING.
  1702 | D:3      | 1702 ||| STAIRDANCE
  1730 | D:3      | Found an ornate altar of the Wu Jian Council.
  1887 | D:3      | Found a faded altar of an unknown god.
  1990 | D:3      | 1990 ||| READING scroll of acquirement.
  1990 | D:3      | 1990 ||| ACQUIRING +0 pair of gloves of Hospitality {Str+2
                  | Dex+2}
  1990 | D:3      | Acquired the +0 pair of gloves of Hospitality {Str+2 Dex+2}
  2035 | D:3      | Reached skill level 5 in Ranged Weapons
  2179 | D:3      | 2179 ||| DROPPING amulet of magic regeneration.
  2180 | D:3      | 2180 ||| READING 2 scrolls labelled URICSE ECINORO.
  2181 | D:3      | 2181 ||| READING scroll labelled HOTERR WENEME.
  2182 | D:3      | 2182 ||| DROPPING scroll of blinking.
  2194 | D:4      | 2194 ||| PLANNING OSSUARY
  2315 | D:4      | Reached skill level 3 in Fighting
  2315 | D:4      | Reached XP level 5. HP: 31/45 MP: 5/5
  2320 | D:4      | 2320 ||| FLEEEEING.
  2332 | D:4      | 2332 ||| FLEEEEING.
  2333 | D:4      | 2333 ||| FLEEEEING.
  2337 | D:4      | 2337 ||| FLEEEEING.
  2342 | D:4      | 2342 ||| STAIRDANCE
  2366 | D:3      | 2366 ||| READING scroll labelled IZOFIN TINA.
  2372 | D:4      | 2372 ||| STAIRDANCE
  2457 | D:4      | Noticed a phantom
  2469 | D:4      | Killed a phantom
  2470 | D:4      | Reached skill level 6 in Ranged Weapons
  2534 | D:4      | Reached skill level 1 in Armour
  2535 | D:4      | 2535 ||| Stepping ~*~*~tactically~*~*~ (outnumbered).
  2573 | D:4      | Reached XP level 6. HP: 20/51 MP: 6/6
  2871 | D:4      | Found a runed translucent door.
  2872 | D:4      | Noticed Crazy Yiuf
  2938 | D:4      | Found a shadowy altar of Dithmenos.
  2939 | D:4      | 2939 ||| READING scroll labelled JEETYQ IJIZITI.
  2949 | D:4      | 2949 ||| RIP OSSUARY
  2950 | D:4      | 2950 ||| PLANNING D:1-11
  2953 | D:4      | HP: 12/52 [gnoll/+0 spear[a gnoll bouda] (8)]
  2954 | D:4      | Slain by a gnoll bouda

Levels and vault maps discovered:
D:1:      tarquinn_simple_flora_water_a, layout_loops_cross,
          hangedman_decor_riveting, nicolae_hexahallways, minmay_crystal_water,
          chequers_serial_rivers_large_b
D:2:      layout_basic, nicolae_eternal_life
D:3:      layout_basic, mainiacjoe_overflow_cross_hatched,
          hellmonk_ecumenical_altar_lost_god, serial_park_tiny_1
D:4:      layout_loops_ring, nicolae_dithmenos_through_a_glass_darkly,
          serial_aquarium, aquarium_bridge_square [aquarium_subvault_wall,
          aquarium_subvault_wall, aquarium_subvault_window,
          aquarium_subvault_bridge], aquarium_bridge_square
          [aquarium_subvault_bridge, aquarium_subvault_wall,
          aquarium_subvault_wall, aquarium_subvault_bridge],
          aquarium_window_fake, aquarium_window_fake, aquarium_view_2a,
          aquarium_view_2c, aquarium_balcony_5b,
          nicolae_ossuary_entry_catacombs, chequers_serial_rivers_marsh,
          uniq_crazy_yiuf_cottage

Skill      XL: |  1  2  3  4  5  6 |
---------------+-------------------+-----
Ranged Weapons | 3 4 5 6 |  6.1
Fighting       | 2 3 4 |  4.1
Armour         | 1 |  1.0
Dodging        | |  2.1
Spellcasting   | |  1.0
Hexes          | |  2.0

Action                     |  1- 3 |  4- 6 || total
---------------------------+-------+-------++-------
   Fire: Sling             |    73 |   142 ||   215
    Use: Scroll            |     5 |     5 ||    10
         Potion            |     1 |       ||     1
 Armour: Leather armour    |    11 |    21 ||    32
  Dodge: Dodged            |    32 |    48 ||    80

Table legend:
 A = Non-vault XP
 B = Vault XP
 C = Vault XP percentage of total XP
 D = Non-vault monster count
 E = Vault monster count
 F = Vault count percentage of total count
                 A         B        C        D         E       F
            +---------+---------+-------+---------+---------+-------
      Total |     445 |       0 |   0.0 |      63 |       0 |   0.0
            +---------+---------+-------+---------+---------+-------
        D:1 |      24 |       0 |   0.0 |      14 |       0 |   0.0
        D:2 |      14 |       0 |   0.0 |       7 |       0 |   0.0
        D:3 |     137 |       0 |   0.0 |      20 |       0 |   0.0
        D:4 |     270 |       0 |   0.0 |      22 |       0 |   0.0
            +---------+---------+-------+---------+---------+-------
